Map: Flooded City

Players

Mhylex - Winner!

  • Race: Protoss Protoss
  • Spawn Location: 12:00

A.I. 1 (Elite) - Winner!

  • Race: Protoss Protoss
  • Spawn Location: 12:00

A.I. 2 (Harder)

  • Race: Zerg Zerg
  • Spawn Location: 6:00

A.I. 3 (Harder)

  • Race: Terran Terran
  • Spawn Location: 6:00

VOD

Have the link to the VOD?

Description

Time

  • Played on: March 13, 2018, 12:18 p.m.
  • Length: 13:25
Show
View Real Time Build Order
Export as new Build Order

Mhylex Protoss - Winner!

Build Orders:  

Get SALT Encoding   

  12  0:02  Probe  
  13  0:14  Probe  
  13  0:20  Pylon  
  14  0:26  Probe  
  15  0:31  Assimilator  
  15  0:43  Gateway  
  15  0:46  Probe  
  16  0:58  Probe  
  17  1:09  Pylon  
  17  1:10  Probe  
  18  1:22  Probe  
  19  1:35  Cybernetics Core  
  19  1:40  Probe (Chrono Boost)  
  19  1:43  Zealot  
  22  1:47  Assimilator  
  22  1:50  Probe (Chrono Boost)  
  23  1:55  Probe (Chrono Boost)  
  24  2:06  Probe  
  25  2:09  Warp Gate (Chrono Boost)  
  25  2:17  Stalker (Chrono Boost)  
  25  2:18  Probe  
  28  2:39  Stalker  
  30  2:47  Probe  
  31  3:10  Nexus  
  31  3:12  Twilight Council  
  31  3:19  Gateway  
  31  3:22  Gateway  
  31  3:30  Gateway  
  31  3:33  Gateway  
  31  3:52  Pylon  
  31  4:03  Pylon  
  31  4:04  Charge (Chrono Boost)  
  31  4:09  Probe  
  32  4:17  Probe  
  33  4:26  Probe (Chrono Boost)  
  34  4:31  Probe (Chrono Boost)  
  36  4:42  Probe (Chrono Boost)  
  36  4:43  Probe (Chrono Boost)  
  37  4:47  Probe (Chrono Boost)  
  37  4:49  Probe, Pylon  
  39  4:58  Probe  
  40  5:01  Probe  
  41  5:10  Probe  
  41  5:13  Probe  
  43  5:25  Zealot  
  43  5:26  Zealot x2  
  43  5:27  Zealot x2  
  53  5:36  Pylon  
  53  5:40  Pylon  
  53  5:45  Forge  
  53  5:49  Shield Battery  
  53  6:00  Forge  
  53  6:03  Forge  
  52  6:22  Zealot x4  
  52  6:25  Zealot  
  60  6:46  Pylon  
  60  6:48  Gateway  
  60  6:52  Gateway  
  60  6:59  Gateway  
  60  7:01  Gateway  
  60  7:11  Protoss Ground Weapons Level 1 (Chrono Boost), Protoss Shields Level 1 (Chrono Boost), Protoss Ground Armor Level 1 (Chrono Boost)  
  60  7:33  Blink  
  60  7:58  Zealot x4  
  66  7:59  Zealot x2  
  66  8:00  Zealot x3  
  78  8:15  Nexus  
  78  8:17  Pylon  
  78  8:26  Shield Battery  
  78  8:35  Probe (Chrono Boost)  
  78  8:36  Probe (Chrono Boost)  
  80  8:46  Probe (Chrono Boost)  
  80  8:47  Probe (Chrono Boost)  
  82  8:51  Probe x2 (Chrono Boost)  
  84  8:58  Stalker  
  84  8:59  Stalker x2  
  84  9:00  Stalker  
  84  9:01  Probe, Stalker x2  
  84  9:02  Probe, Stalker  
  100  9:03  Stalker  
  102  9:27  Probe x2  
  104  9:32  Pylon  
  104  9:33  Pylon  
  104  9:36  Pylon  
  104  9:37  Pylon  
  104  9:40  Pylon  
  104  10:40  Zealot x3  
  104  10:41  Zealot x3  
  104  10:42  Zealot x3  
  120  10:45  Protoss Ground Armor Level 2 (Chrono Boost), Protoss Ground Weapons Level 2 (Chrono Boost)  
  120  10:46  Protoss Shields Level 2 (Chrono Boost)  
  122  11:20  Stalker  
  122  11:21  Stalker x4  
  122  11:22  Stalker x4  
  140  11:48  Zealot x4  
  140  11:49  Zealot x4  
Show
View Real Time Build Order
Export as new Build Order

A.I. 1 (Elite) Protoss - Winner!

Build Orders: Zealot Archon 

Get SALT Encoding   

  12  0:00  Probe  
  13  0:13  Probe  
  14  0:21  Pylon  
  14  0:25  Probe  
  15  0:35  Probe  
  16  0:43  Probe  
  16  0:48  Assimilator  
  17  0:52  Probe, Gateway  
  18  1:00  Probe  
  18  1:02  Pylon  
  18  1:08  Probe  
  20  1:20  Probe  
  21  1:37  Zealot  
  23  1:40  Gateway  
  23  1:42  Probe  
  23  1:43  Cybernetics Core  
  24  1:52  Pylon  
  24  1:54  Probe  
  24  1:56  Zealot  
  25  2:06  Probe  
  28  2:18  Warp Gate, Probe  
  29  2:23  Adept  
  29  2:27  Adept  
  33  2:31  Gateway  
  33  2:41  Gateway  
  33  2:50  Stalker  
  35  2:54  Stalker  
  37  2:59  Probe  
  38  3:07  Probe, Pylon  
  38  3:09  Assimilator  
  39  3:25  Adept x2  
  43  3:28  Stalker  
  45  3:34  Stalker  
  47  3:45  Pylon  
  47  4:00  Robotics Facility  
  47  4:11  Twilight Council  
  47  4:21  Pylon  
  47  4:48  Zealot  
  47  4:50  Templar Archives  
  49  5:03  Forge  
  49  5:04  Nexus  
  49  5:28  High Templar  
  51  5:35  Forge  
  51  5:43  High Templar  
  53  5:56  Archon  
  53  6:06  Pylon  
  53  6:11  High Templar  
  53  6:15  Zealot x3  
  53  6:16  Probe x2  
  57  6:28  Zealot, Probe x2  
  57  6:32  Assimilator  
  53  6:36  Zealot  
  53  6:37  Assimilator  
  53  6:40  Probe x2, High Templar  
  55  6:49  Stalker  
  55  6:52  Probe  
  55  6:53  Probe  
  59  6:57  Archon  
  59  7:04  Probe  
  59  7:06  Probe  
  61  7:09  High Templar  
  61  7:13  Probe  
  63  7:18  Probe  
  63  7:21  Probe  
  65  7:23  High Templar  
  65  7:27  Stalker  
  70  7:30  Probe x2  
  70  7:32  Stalker  
  70  7:37  Nexus  
  74  7:41  Stalker  
  74  7:42  Probe  
  74  7:43  Probe, Archon  
  78  7:47  Pylon  
  78  7:51  High Templar  
  78  7:54  Probe  
  78  7:55  Probe  
  82  8:05  High Templar  
  82  8:08  Pylon  
  84  8:15  Observer, Sentry  
  86  8:25  Stalker  
  86  8:26  Archon  
  89  8:31  Stalker  
  91  8:35  Stalker  
  91  8:36  Pylon  
  91  8:40  Stalker  
  95  8:49  Sentry  
  95  8:50  Probe x3  
  100  8:56  Assimilator  
  100  8:57  Assimilator  
  100  8:59  Protoss Ground Weapons Level 1  
  100  9:02  Probe x2  
  102  9:03  Probe  
  102  9:08  Protoss Ground Armor Level 1  
  102  9:09  Zealot x3  
  109  9:10  Zealot  
  109  9:13  Probe  
  109  9:14  Probe  
  109  9:15  Probe  
  109  9:16  Pylon  
  92  9:24  Probe  
  92  9:26  Probe  
  92  9:27  Probe  
  92  9:29  High Templar  
  93  9:33  High Templar  
  93  9:34  Adept  
  93  9:35  Adept  
  93  9:37  Probe  
  93  9:38  Probe  
  100  9:40  Probe  
  100  9:45  Probe, Immortal  
  106  9:47  Psionic Storm  
  106  9:51  Probe  
  106  9:52  Probe, Stalker  
  109  9:53  Probe  
  112  10:00  Stalker  
  112  10:03  Probe  
  112  10:04  Stalker  
  112  10:05  Probe  
  118  10:09  Probe  
  118  10:14  Pylon, Stalker  
  119  10:15  Probe  
  119  10:16  Probe  
  122  10:24  Blink, Observer  
  122  10:25  Adept, Sentry  
  127  10:35  Pylon  
  127  10:37  Pylon, Stalker  
  127  10:40  Stalker  
  127  10:42  Adept  
  133  10:43  Protoss Ground Weapons Level 2  
  133  10:45  Immortal  
  137  10:55  Photon Cannon  
  137  10:59  Pylon  
  137  11:02  Photon Cannon  
  137  11:05  Pylon  
  137  11:08  Sentry  
  139  11:14  Warp Prism, Sentry  
  143  11:27  Gateway  
  143  11:32  Robotics Facility  
  143  11:33  Nexus  
  143  11:36  Photon Cannon  
  143  11:38  Photon Cannon  
  143  11:40  Photon Cannon  
  143  11:43  Pylon  
  143  11:50  Warp Prism  
  145  11:55  Stargate, Stalker  
  145  11:58  Stalker  
  145  12:00  Zealot  
  151  12:05  Photon Cannon  
  151  12:07  Photon Cannon  
  151  12:10  Adept  
  153  12:17  Observer  
  153  12:19  Pylon, High Templar  
  153  12:21  Sentry  
  158  12:23  Immortal, Gateway  
  158  12:24  High Templar  
  158  12:25  Robotics Facility  
  164  12:31  Immortal  
  164  12:32  Stalker  
  164  12:35  Stalker  
  168  12:42  Pylon  
  172  12:48  Robotics Bay  
  172  12:51  Photon Cannon  
  172  12:55  Pylon  
  177  13:12  Assimilator  
  177  13:16  Photon Cannon  
Show
View Real Time Build Order
Export as new Build Order

A.I. 2 (Harder) Zerg 

Build Orders: Pool First, Muta Ling Bane 

Get SALT Encoding   

  12  0:01  Drone  
  13  0:12  Overlord  
  13  0:17  Drone  
  14  0:30  Drone  
  14  0:31  Drone  
  16  0:45  Spawning Pool  
  16  0:46  Drone  
  16  0:50  Drone  
  16  0:53  Extractor  
  16  0:55  Drone  
  17  1:06  Overlord  
  17  1:33  Queen, Zergling x2  
  17  1:38  Drone  
  17  1:39  Zergling x2  
  22  1:41  Roach Warren  
  22  1:43  Extractor  
  20  1:49  Drone  
  21  2:00  Drone  
  22  2:11  Zergling x2  
  23  2:21  Drone  
  24  2:32  Overlord  
  24  2:38  Lair  
  24  2:40  Zergling x2, Drone  
  26  3:16  Overlord, Zergling x2  
  27  3:23  Metabolic Boost  
  28  3:27  Zergling x2  
  28  3:33  Zergling x2  
  29  3:38  Hydralisk Den  
  29  3:40  Infestation Pit  
  27  3:42  Drone  
  28  3:56  Drone  
  29  4:04  Overlord  
  29  4:08  Hydralisk  
  31  4:15  Hydralisk  
  31  4:16  Drone  
  34  4:20  Drone  
  34  4:21  Swarm Host  
  34  4:23  Drone  
  39  4:28  Swarm Host  
  42  4:37  Drone  
  43  4:38  Baneling Nest  
  42  4:46  Swarm Host, Evolution Chamber  
  42  4:47  Drone  
  42  4:48  Drone  
  42  4:51  Drone  
  48  5:00  Drone  
  48  5:10  Overlord  
  48  5:54  Baneling  
  48  5:55  Overlord, Zerg Melee Weapons Level 1  
  48  6:02  Spire  
  47  6:05  Hatchery  
  46  6:15  Drone  
  46  6:23  Zergling x2  
  41  6:30  Zergling x2  
  29  6:44  Baneling, Zergling x2  
  30  6:50  Zergling x2  
  31  6:57  Zergling x2  
  32  7:13  Mutalisk  
  34  7:17  Drone  
  34  7:18  Drone x3  
  34  7:19  Drone  
  34  7:21  Mutalisk  
  41  7:25  Drone x2, Extractor  
  41  7:26  Drone  
  41  7:27  Drone  
  41  7:29  Extractor  
  43  7:32  Burrow  
  43  7:33  Drone  
  43  7:37  Baneling  
  44  7:38  Drone  
  44  7:42  Baneling  
  45  7:44  Drone  
  45  7:48  Drone  
  45  7:50  Zerg Ground Armor Level 1  
  47  7:55  Drone  
  47  7:56  Mutalisk  
  47  7:57  Drone  
  51  7:59  Drone  
  51  8:02  Centrifical Hooks  
  51  8:03  Zergling x2  
  53  8:06  Drone  
  53  8:10  Drone  
  55  8:17  Drone  
  56  8:21  Drone  
  57  8:28  Mutalisk  
  57  8:29  Drone x2  
  57  8:31  Drone  
  62  8:39  Drone  
  63  8:42  Drone  
  64  8:50  Overlord  
  64  8:52  Mutalisk  
  64  8:54  Spore Crawler  
  65  8:58  Spore Crawler  
  65  9:00  Mutalisk  
  65  9:01  Spore Crawler, Hive  
  65  9:03  Drone  
  65  9:06  Mutalisk  
  66  9:13  Zergling x2  
  55  9:20  Baneling  
  53  9:26  Zergling x2  
  54  9:33  Zergling x2  
  54  9:34  Hydralisk  
  54  9:38  Hydralisk  
  54  9:42  Hydralisk  
  54  9:43  Overlord  
  56  9:49  Hydralisk  
  54  9:55  Hydralisk  
  54  9:57  Zergling x2  
  37  10:00  Hydralisk  
  37  10:02  Drone  
  37  10:03  Drone, Hydralisk  
  37  10:04  Drone  
  28  10:10  Mutalisk  
  28  10:12  Viper  
  24  10:22  Mutalisk  
Show
View Real Time Build Order
Export as new Build Order

A.I. 3 (Harder) Terran 

Build Orders: MMM Bio 

Get SALT Encoding   

  12  0:01  SCV  
  13  0:13  SCV  
  14  0:19  Supply Depot  
  14  0:25  SCV  
  15  0:41  SCV  
  16  0:44  Barracks  
  16  0:50  Refinery  
  16  0:53  SCV  
  17  1:05  SCV  
  18  1:17  SCV  
  19  1:21  Supply Depot  
  19  1:30  SCV  
  19  1:31  Marine  
  21  1:42  Barracks  
  21  1:43  Orbital Command  
  21  1:48  Marine  
  21  1:51  Refinery  
  22  2:09  Barracks Tech Lab, Supply Depot  
  22  2:27  Marine  
  23  2:34  Marine  
  24  2:42  Supply Depot  
  24  2:45  Marine  
  25  2:52  Marine  
  26  3:03  Marauder  
  28  3:10  Marine  
  29  3:17  Supply Depot  
  29  3:24  Marine  
  29  3:25  SCV  
  31  3:28  Marine  
  32  3:37  SCV, Engineering Bay  
  33  3:42  Marine  
  33  3:45  Marine  
  35  3:49  SCV  
  36  4:00  Marauder  
  36  4:01  SCV  
  39  4:03  Marine  
  39  4:05  Supply Depot  
  40  4:13  SCV  
  41  4:21  Marauder  
  43  4:25  SCV  
  44  4:43  Marauder  
  46  5:04  Marauder  
  48  5:26  Marauder  
  50  6:03  Barracks Tech Lab  
  50  6:05  Reaper, Terran Infantry Weapons Level 1, Stimpack  
  50  6:06  Factory  
  50  6:09  Factory  
  51  6:12  Missile Turret  
  51  6:15  Ghost Academy  
  51  6:18  Missile Turret  
  51  6:21  Combat Shields, Marine, Supply Depot  
  51  6:23  Command Center  
  39  6:37  Marine  
  39  6:39  Marine  
  30  6:50  Factory Tech Lab  
  30  6:54  Starport, Marine  
  30  6:57  Starport, Marine  
  30  6:58  Factory Tech Lab  
  32  7:12  Marine  
  32  7:15  Marine  
  34  7:29  Starport Tech Lab  
  34  7:30  Marine  
  34  7:33  Marauder, Starport Tech Lab  
  37  7:37  SCV  
  37  7:42  SCV  
  38  7:48  Marine  
  38  7:49  SCV  
  38  7:50  Raven  
  42  7:54  SCV, Marine  
  42  7:55  Refinery  
  44  7:59  Refinery  
  44  8:00  Terran Infantry Armor Level 1  
  44  8:01  SCV  
  45  8:06  SCV, Marine  
  45  8:12  Marine  
  48  8:13  SCV  
  48  8:17  Raven  
  48  8:18  SCV  
  52  8:24  Marauder  
  52  8:25  SCV  
  55  8:29  Ghost  
  55  8:30  SCV  
  58  8:35  Bunker  
  58  8:37  SCV  
  59  8:43  SCV  
  59  8:44  Missile Turret  
  59  8:45  Marauder  
  62  8:49  SCV  
  62  8:53  Concussive Shells  
  62  8:55  SCV  
  64  8:58  Marine  
  64  9:01  Missile Turret  
  64  9:02  SCV  
  66  9:07  Marauder, SCV  
  66  9:09  Supply Depot  
  69  9:14  SCV  
  69  9:16  Marauder  
  67  9:19  SCV  
  52  9:26  SCV  
  52  9:28  Marine  
  50  9:31  SCV  
  50  9:37  Marine  
  50  9:38  SCV  
  50  9:45  Marine  
  46  9:56  Marauder, SCV  
  48  10:02  Viking  
  48  10:03  Marine  
  48  10:06  SCV  
  50  10:16  Marine  
  50  10:20  SCV  
  50  10:22  Marauder  
  50  10:25  Viking  
  51  10:29  Command Center  
  51  10:34  Marine  
  53  10:41  Hellion  
  41  10:42  Marine  
  41  10:47  SCV x2  
  37  11:01  SCV  
  31  11:17  Supply Depot  
  31  11:19  Barracks  
  28  11:29  Supply Depot  
  27  11:51  SCV  
  28  11:55  SCV  
  29  12:03  SCV  
  29  12:06  Marine  
  31  12:08  Orbital Command, Command Center  
  31  12:11  Supply Depot  
  31  12:13  Barracks  
  31  12:23  Marine  
  31  12:27  Factory  
  30  12:30  SCV  
  30  12:35  SCV  
Tags
 
Add a new tag
Caveats
  • Supply blocks, unpowered buildings, or Contaminate may cause inaccurate times.
  • Supply counts are checked every 10 seconds.